 Dungeon Crawl Stone Soup version 0.22.0-21-g8bd1b0a (webtiles) character file.

16324 hairmachine the Grappler (level 12, -2/126 HPs)
             Began as a Troll Artificer on Aug 19, 2018.
             Was an Elder of Wu Jian.
             Slain by an ice devil (6 damage)
             ... summoned by an orc sorcerer
             ... on level 2 of the Orcish Mines.
             The game lasted 01:02:20 (13762 turns).

hairmachine the Grappler (Troll Artificer)         Turns: 13762, Time: 01:02:20

Health: -2/126     AC:  7    Str: 27    XL:     12   Next: 9%
Magic:  12/12      EV: 12    Int:  7    God:    Wu Jian [****..]
Gold:   1562       SH: 10    Dex: 10    Spells: 11/11 levels left

rFire    + . .     SeeInvis .     - Unarmed
rCold    . . .     Gourm    +   J - +0 shield
rNeg     . . .     Faith    .   b - +1 robe
rPois    .         Spirit   .   (helmet restricted)
rElec    .         Reflect  .   D - +0 cloak
rCorr    .         Harm     .   (gloves unavailable)
MR       .....                  (boots unavailable)
Stlth    +.........             (no amulet)
HPRegen  0.71/turn              A - ring of protection from fire
MPRegen  0.13/turn              F - +4 ring of evasion

@: very slightly contaminated, glowing, heavenly storm
A: large, unfitting armour, claws 3, fast metabolism 3, gourmand, regeneration
1, shaggy fur 1, tough skin 2
a: Wall Jump, Serpent's Lash, Renounce Religion


You were on level 2 of the Orcish Mines.
You worshipped Wu Jian.
Wu Jian was greatly pleased with you.
You were completely stuffed.

You visited 4 branches of the dungeon, and saw 15 of its levels.

You collected 1562 gold pieces.

Inventory:

Hand Weapons
 s - a +6 morningstar of draining
Missiles
 m - 284 stones (quivered)
 u - 15 tomahawks
 E - a throwing net
Armour
 b - a +1 robe (worn)
 D - a +0 cloak (worn)
 J - a +0 shield (worn)
Jewellery
 y - an uncursed ring of positive energy
 A - a ring of protection from fire (left claw)
 F - a +4 ring of evasion (right claw)
 L - an uncursed ring of protection from cold
Wands
 c - a wand of flame (15)
 d - a wand of enslavement (15)
 e - a wand of random effects (40)
 G - a wand of digging (7)
Scrolls
 a - a scroll of identify
 g - 3 scrolls of immolation
 k - a scroll of enchant armour
 l - a scroll of fog {unknown}
 p - a scroll of magic mapping {unknown}
 r - 2 scrolls of teleportation
 x - a scroll of noise {unknown}
 z - 4 scrolls of remove curse
 B - a scroll of amnesia {unknown}
Potions
 i - a potion of resistance
 j - 4 potions of curing
 n - 3 potions of lignification
 o - a potion of brilliance
 v - a potion of flight
 H - a potion of berserk rage
 K - a potion of might {unknown}
Comestibles
 f - 27 rations
 q - 8 chunks of flesh


   Skills:
 + Level 9.8 Fighting
   Level 0.7 Short Blades
 + Level 1.7 Maces & Flails
 - Level 1.5 Dodging
 - Level 0.3 Stealth
 - Level 4.8 Shields
 + Level 14.2 Unarmed Combat
 - Level 2.1 Evocations


You had 11 spell levels left.
You didn't know any spells.
Your spell library contained the following spells:

 Spells                   Type           Power        Failure   Level  Hunger
 Magic Dart               Conj           #...         75%         1    ##.....
 Blink                    Tloc           N/A          86%         2    ###....
 Call Imp                 Summ           #.......     86%         2    ###....
 Slow                     Hex            #.......     86%         2    ###....
 Conjure Flame            Conj/Fire      #.......     98%         3    ####...
 Mephitic Cloud           Conj/Pois/Air  #.......     98%         3    ####...


Dungeon Overview and Level Annotations

Branches:
Dungeon (11/15)            Temple (1/1) D:5            Lair (1/6) D:8
    Orc (2/2) D:10            Elf (0/3) Orc:2

Altars:
Hepliaklqana
Kikubaaqudgha
Makhleb
Okawaru
Trog
Wu Jian
Yredelemnul
Zin

Shops:
D:9 :

Annotations:
D:7 exclusion: downstairs
D:8 exclusion: obsidian statue
Orc:2 Sonja


Innate Abilities, Weirdness & Mutations

You are too large for most types of armour.
You have claws for hands.
Your metabolism is lightning-fast.
You like to eat raw meat.
Your natural rate of healing is unusually fast.
You are covered in fur. (AC +1)
You have very tough skin. (AC +2)


Message History

* * * LOW HITPOINT WARNING * * *
You hear a shout!
The orc sorcerer hits you but does no damage.
The ice devil hits you!
* * * LOW HITPOINT WARNING * * *
The ice devil freezes you!!
* * * LOW HITPOINT WARNING * * *
You can move again.
Items here: ( )) [ an uncursed enchanted great sword; an uncursed arbalest; 19 bolts a shiny plate armour
Okay, then.
Blink to where?
Press: ? - help, Dir - move target cursor You are very lightly contaminated with residual magic.
As you read the scroll of blinking, it crumbles to dust.
You hear a shout! x2
You hear a shout!
The ice devil hits you.
You die...

#.#..o(#.## ###...#####..
##.[..## #.......##... ###(##
#####....)...... ## #.o.## ###.#
###..[....## .# ##...##
##...#####.......# ###
#...o.#####....##.####....###
.#.##......#.#§§§§§.#..#........#
.##.#o..#.§§§##§§§§..............
...o....##§§§§§o@§§..........#...
....o...###§§§§4###.#..[....###..
#).(...###§§§§§§# ####...#### #..
))(....###§§§#§§§# #......#####..
.(.....#...§##§§.###........##..#
....#..[)[...#....#..............
#..##......###.#.....#.#.........
#####....#..######.######....##.#
# ##...#.## ..# ####..###


You could see an ice devil and an orc sorcerer.

Vanquished Creatures
  An orc warlord (Orc:2)
  Josephine (D:9)
  A centaur warrior (D:8)
  A two-headed ogre (Orc:1)
  3 orc sorcerers
  A hornet (D:9)
  A hippogriff (D:10)
  7 yaks
  3 wraiths (D:9)
  A wyvern (D:10)
  A human (D:8)
  3 hogs (D:8)
  Eustachio (D:9)
  A hungry ghost (D:8)
  A warg (Orc:2)
  3 water moccasins
  24 orc warriors
  A porcupine (D:8)
  3 black bears (D:8)
  3 ice beasts
  3 sky beasts
  7 ogres
  A phantom (D:8)
  9 centaurs
  A crocodile (Lair:1)
  A big kobold (D:6)
  Blork the orc (D:9)
  6 bullfrogs
  A gnoll sergeant (D:9)
  4 killer bees (D:7)
  A scorpion (D:5)
  15 wights
  3 crimson imps
  3 howler monkeys
  3 bullfrog zombies
  3 jellies
  2 centaur zombies
  16 orc priests
  4 bullfrog skeletons
  5 hounds
  23 orc wizards
  A centaur skeleton (D:8)
  3 iguanas
  8 worker ants
  3 worker ant zombies
  A gnoll (D:8)
  A howler monkey skeleton (D:9)
  9 adders
  2 shadow imps
  3 adder skeletons
  5 worms
  2 dart slugs (D:2)
  6 leopard geckos
  62 orcs
  2 ball pythons
  2 giant cockroaches (D:4)
  7 hobgoblins
  10 jackals
  9 kobolds
  3 quokkas
  8 bats
  4 frilled lizards
  9 goblins
  A jackal skeleton (D:4)
  A jackal zombie (D:6)
  A leopard gecko skeleton (D:6)
  7 rats
343 creatures vanquished.

Vanquished Creatures (others)
  20 fungi (D:8)
  14 plants (D:8)
34 creatures vanquished.

Grand Total: 377 creatures vanquished

Notes
Turn   | Place    | Note
-------+----------+-------------------------------------------
     0 | D:1      | hairmachine the Troll Artificer began the quest for the Orb.
     0 | D:1      | Reached XP level 1. HP: 18/18 MP: 1/1
    47 | D:1      | Reached skill level 1 in Unarmed Combat
    97 | D:1      | Reached XP level 2. HP: 24/26 MP: 2/2
   192 | D:1      | Reached skill level 2 in Unarmed Combat
   494 | D:2      | Reached XP level 3. HP: 32/32 MP: 3/3
   658 | D:2      | Reached skill level 3 in Unarmed Combat
  1048 | D:2      | Reached XP level 4. HP: 35/40 MP: 4/4
  1266 | D:3      | Reached skill level 1 in Fighting
  1462 | D:3      | Reached skill level 4 in Unarmed Combat
  1608 | D:3      | Found an ornate altar of the Wu Jian Council.
  1619 | D:3      | Became a worshipper of the Wu Jian Council
  2224 | D:3      | Noticed a bullfrog
  2228 | D:3      | Killed a bullfrog
  2228 | D:3      | Reached XP level 5. HP: 38/48 MP: 5/5
  2849 | D:4      | Reached skill level 5 in Unarmed Combat
  2885 | D:4      | Reached * piety under Wu Jian
  2931 | D:4      | Reached XP level 6. HP: 34/57 MP: 6/6
  3018 | D:4      | Found an ancient bone altar of Kikubaaqudgha.
  3642 | D:5      | Entered Level 5 of the Dungeon
  3643 | D:5      | Reached skill level 6 in Unarmed Combat
  3941 | D:5      | Noticed a water moccasin
  3957 | D:5      | Killed a water moccasin
  3957 | D:5      | Reached XP level 7. HP: 58/67 MP: 7/7
  4094 | D:5      | Found a staircase to the Ecumenical Temple.
  4130 | Temple   | Entered the Ecumenical Temple
  4231 | D:5      | Reached skill level 7 in Unarmed Combat
  4946 | D:6      | Reached XP level 8. HP: 78/78 MP: 8/8
  5014 | D:5      | HP: 5/117 [orc/short sword (2)]
  5015 | D:5      | Reached skill level 8 in Unarmed Combat
  5461 | D:6      | Reached skill level 9 in Unarmed Combat
  5558 | D:6      | Reached ** piety under Wu Jian
  6055 | D:7      | Reached skill level 5 in Fighting
  6380 | D:7      | Found an iron altar of Okawaru.
  6503 | D:7      | Reached XP level 9. HP: 88/88 MP: 9/9
  6670 | D:7      | Reached skill level 10 in Unarmed Combat
  6705 | D:8      | Noticed a centaur warrior
  7441 | D:8      | Reached skill level 11 in Unarmed Combat
  7625 | D:8      | Killed a centaur warrior
  7682 | D:8      | Noticed an obsidian statue
  7698 | D:8      | Reached XP level 10. HP: 89/100 MP: 10/10
  7826 | D:7      | Reached *** piety under Wu Jian
  8115 | D:8      | Reached skill level 12 in Unarmed Combat
  8581 | D:8      | Found a staircase to the Lair.
  9370 | D:9      | Found a basalt altar of Yredelemnul.
  9371 | D:9      | Found a hazy altar of Hepliaklqana.
  9371 | D:9      | Found a glowing silver altar of Zin.
  9374 | D:9      | Found a burning altar of Makhleb.
  9484 | D:9      | Noticed Blork the orc
  9500 | D:9      | Killed Blork the orc
  9500 | D:9      | Reached skill level 13 in Unarmed Combat
  9591 | D:9      | Noticed Eustachio
  9617 | D:9      | Killed Eustachio
  9757 | D:9      | Found Yhih Pojy's Book Shop.
  9833 | D:9      | Reached **** piety under Wu Jian
  9850 | D:9      | Reached skill level 1 in Shields
 10093 | D:9      | Got a shimmering dagger {flame}
 10095 | D:9      | Identified the cursed +1 dagger of Forced Transition {flame, *Slow +Inv rC+ rN++} (You took it off a crimson imp on level 9 of the Dungeon)
 10205 | D:10     | Entered Level 10 of the Dungeon
 10210 | D:10     | Reached XP level 11. HP: 94/113 MP: 11/11
 10335 | D:10     | Noticed Josephine
 10348 | D:10     | Noticed a five-headed hydra
 10774 | D:10     | Found a staircase to the Orcish Mines.
 10794 | Orc:1    | Entered Level 1 of the Orcish Mines
 10939 | Orc:1    | Noticed an orc sorcerer
 11041 | Lair:1   | Entered Level 1 of the Lair of Beasts
 11307 | Lair:1   | Noticed a five-headed hydra
 11523 | D:9      | Killed Josephine
 12282 | Orc:1    | Noticed a sun demon
 12291 | Orc:1    | Killed an orc sorcerer
 12590 | Orc:2    | Entered Level 2 of the Orcish Mines
 12820 | Orc:2    | Noticed Sonja
 12992 | Orc:2    | Reached ***** piety under Wu Jian
 12992 | Orc:2    | Noticed a two-headed ogre
 13004 | Orc:1    | Killed a two-headed ogre
 13129 | Orc:2    | Found a staircase to the Elven Halls.
 13342 | Orc:2    | Reached skill level 14 in Unarmed Combat
 13368 | Orc:2    | Noticed an orc warlord
 13504 | Orc:1    | Noticed an orc sorcerer
 13515 | Orc:1    | Killed an orc sorcerer
 13741 | Orc:2    | Noticed an orc sorcerer
 13750 | Orc:2    | Killed an orc sorcerer
 13750 | Orc:2    | Noticed an orc sorcerer
 13752 | Orc:2    | Killed an orc warlord
 13752 | Orc:2    | Reached skill level 1 in Maces & Flails
 13752 | Orc:2    | Reached XP level 12. HP: 55/126 MP: 12/12
 13757 | Orc:2    | Paralysed by an orc sorcerer for 4 turns
 13760 | Orc:2    | HP: 3/126 [ice devil[an orc sorcerer] (19)]
 13762 | Orc:2    | Slain by an ice devil

Skill      XL: |  1  2  3  4  5  6  7  8  9 10 11 |
---------------+----------------------------------+-----
Unarmed Combat | 1 2 3 4 5 6 7 9 11 13 14 | 14.2
Fighting       | 1 2 3 5 6 8 9 |  9.8
Shields        | 1 4 |  4.8
Maces & Flails | 1 |  1.7
Short Blades   | |  0.7
Dodging        | |  1.5
Stealth        | |  0.3
Evocations     | |  2.1

Action                   |  1- 3 |  4- 6 |  7- 9 | 10-12 || total
-------------------------+-------+-------+-------+-------++-------
Melee: Unarmed           |   110 |   148 |   251 |   610 ||  1119
       Punch             |     1 |     2 |    12 |     4 ||    19
       Flail             |       |       |       |     4 ||     4
Throw: Stone             |     1 |     9 |     7 |     1 ||    18
Invok: Lunge             |       |     2 |    28 |    72 ||   102
       Whirlwind         |       |     2 |     5 |   141 ||   148
       Wall Jump         |       |       |     4 |    13 ||    17
       Serpent's Lash    |       |       |       |     3 ||     3
       Heavenly Storm    |       |       |       |     1 ||     1
Evoke: Wand              |       |       |       |     1 ||     1
  Use: Scroll            |       |     8 |     1 |     9 ||    18
       Potion            |       |       |     2 |     9 ||    11
 Stab: Sleeping          |       |     2 |       |     1 ||     3
       Distracted        |       |       |     1 |       ||     1
  Eat: Chunk             |    15 |    27 |    34 |    61 ||   137
Armor: Robe              |    33 |    28 |    44 |   106 ||   211
       Skin              |       |       |       |    20 ||    20
Dodge: Dodged            |    49 |    59 |    75 |   186 ||   369
Block: Shield            |       |       |       |   148 ||   148
